| TOP OF THE 1ST |
|
Columbus Jets batting - Pitching for Tidewater Tides : RHP Bruce Berenyi
|
|
Pitching: RHP Bruce Berenyi
|
|
|
Batting: LHB Jared Martin
|
0-0: Called Strike 0-1: Ball 1-1: Ball 2-1: Ball 3-1: Base on Balls
|
|
Batting: RHB William Max
|
0-0: Ball 1-0: Foul Ball, location: 2F 1-1: Fielders Choice at 2nd, 3-6 (Groundball, 34, EV 88.1 MPH)
|
|
Batting: LHB Greg Walker
|
0-0: Ball 1-0: Ball William Max steals 2nd, throwing error, E2 William Max to third 2-0: Called Strike 2-1: Ball 3-1: Fly out, F7 (Flyball, 78S, EV 88.1 MPH) Runner from 3rd tags up, SCORES, throw by LF
|
|
Batting: RHB Michael Ventress
|
0-0: Ball 1-0: Foul Ball, location: 2F 1-1: Ball 2-1: Ground out 6-3 (Groundball, 6, EV 76.3 MPH)
|
| Top of the 1st over - 1 run, 0 hits, 1 error, 0 left on base; Columbus 1 - Tidewater 0 |
| BOTTOM OF THE 1ST |
|
Tidewater Tides batting - Pitching for Columbus Jets : LHP Larry Edwards
|
|
Pitching: LHP Larry Edwards
|
|
|
Batting: RHB Brad Komminsk
|
0-0: Ball 1-0: Foul Ball, location: 2F 1-1: Called Strike 1-2: Foul Ball, location: 2F 1-2: Ground out 5-3 (Groundball, 56, EV 81.9 MPH)
|
|
Batting: LHB Roy E Johnson
|
0-0: Ground out 6-3 (Groundball, 6, EV 91.3 MPH)
|
|
Batting: LHB John Kruk
|
0-0: Called Strike 0-1: Swinging Strike 0-2: Ball 1-2: Strikes out swinging
|
| Bottom of the 1st over - 0 runs, 0 hits, 0 errors, 0 left on base; Columbus 1 - Tidewater 0 |
| TOP OF THE 2ND |
|
Columbus Jets batting - Pitching for Tidewater Tides : RHP Bruce Berenyi
|
|
Batting: RHB Glenn Goya
|
0-0: Ball 1-0: Ball 2-0: Ball 3-0: Base on Balls
|
|
Batting: SHB Gary Pellant
|
0-0: Ball 1-0: Ball 2-0: Ball Wild Pitch! Glenn Goya to second 3-0: Base on Balls
|
|
Batting: RHB Greg Schultz
|
0-0: Ball 1-0: Ball 2-0: Called Strike 2-1: Ball 3-1: Fly out, F7 (Flyball, 78S, EV 95.0 MPH)
|
|
Batting: LHB Craig Brooks
|
0-0: Ball 1-0: Swinging Strike 1-1: Called Strike 1-2: Ball 2-2: Strikes out swinging
|
|
Batting: RHB Ray Smith
|
0-0: Called Strike 0-1: Ball 1-1: Ball 2-1: Swinging Strike 2-2: Strikes out looking
|
| Top of the 2nd over - 0 runs, 0 hits, 0 errors, 2 left on base; Columbus 1 - Tidewater 0 |
| BOTTOM OF THE 2ND |
|
Tidewater Tides batting - Pitching for Columbus Jets : LHP Larry Edwards
|
|
Batting: RHB George Gomez
|
0-0: Ball 1-0: Foul Ball, location: 2F 1-1: SINGLE (Groundball, 6MD, EV 96.9 MPH)
|
|
Batting: RHB Thomas Walker
|
0-0: Called Strike 0-1: Called Strike 0-2: Ball 1-2: Strikes out swinging
|
|
Batting: RHB Billy Cree
|
0-0: Foul Ball, location: 2F 0-1: Called Strike 0-2: Foul Ball, location: 2F 0-2: Strikes out swinging
|
|
Batting: RHB German Rivera
|
0-0: Fly out, F8 (Line Drive, 8RM, EV 84.4 MPH)
|
| Bottom of the 2nd over - 0 runs, 1 hit, 0 errors, 1 left on base; Columbus 1 - Tidewater 0 |
| TOP OF THE 3RD |
|
Columbus Jets batting - Pitching for Tidewater Tides : RHP Bruce Berenyi
|
|
Batting: LHB Jared Martin
|
0-0: Fly out, F9 (Line Drive, 9D, EV 92.5 MPH)
|
|
Batting: RHB William Max
|
0-0: Ball 1-0: Foul Ball, location: 2F 1-1: Ball 2-1: Fly out, F3 (Popup, 3S, EV 77.5 MPH)
|
|
Batting: LHB Greg Walker
|
0-0: Ball 1-0: SINGLE (Line Drive, 8LS, EV 93.1 MPH)
|
|
Batting: RHB Michael Ventress
|
0-0: Ball 1-0: Ball 2-0: Ball 3-0: Called Strike 3-1: Foul Ball, location: 2F 3-2: Ground out 1-3 (Groundball, 15S, EV 71.9 MPH)
|
| Top of the 3rd over - 0 runs, 1 hit, 0 errors, 1 left on base; Columbus 1 - Tidewater 0 |
| BOTTOM OF THE 3RD |
|
Tidewater Tides batting - Pitching for Columbus Jets : LHP Larry Edwards
|
|
Batting: RHB Juan Garcia
|
0-0: Swinging Strike 0-1: Ball 1-1: Foul Ball, location: 2F 1-2: Fly out, F8 (Flyball, 8RXD, EV 91.3 MPH)
|
|
Batting: SHB Julio Valdez
|
0-0: Foul Ball, location: 2F 0-1: Swinging Strike 0-2: Ball 1-2: Ground out 4-3 (Groundball, 4, EV 111.3 MPH)
|
|
Batting: RHB Brad Komminsk
|
0-0: Called Strike 0-1: Foul Ball, location: 2F 0-2: Ball 1-2: Fly out, F8 (Flyball, 89D, EV 102.5 MPH)
|
| Bottom of the 3rd over - 0 runs, 0 hits, 0 errors, 0 left on base; Columbus 1 - Tidewater 0 |
| TOP OF THE 4TH |
|
Columbus Jets batting - Pitching for Tidewater Tides : RHP Bruce Berenyi
|
|
Batting: RHB Glenn Goya
|
0-0: Foul Ball, location: 2F 0-1: Called Strike 0-2: Ground out 4-3 (Groundball, 4, EV 88.1 MPH)
|
|
Batting: SHB Gary Pellant
|
0-0: Ball 1-0: Ground out 3-1 (Groundball, 34, EV 100.6 MPH)
|
|
Batting: RHB Greg Schultz
|
0-0: Ball 1-0: Ball 2-0: Foul Ball, location: 2F 2-1: Foul Ball, location: 2F 2-2: DOUBLE (Flyball, 78D, EV 99.4 MPH)
|
|
Batting: LHB Craig Brooks
|
0-0: Ball 1-0: Called Strike 1-1: Ball 2-1: Foul Ball, location: 2F 2-2: Ball 3-2: Base on Balls
|
|
Batting: RHB Ray Smith
|
0-0: Fielders Choice at 2nd, 6-4 (Groundball, 6, EV 82.5 MPH)
|
| Top of the 4th over - 0 runs, 1 hit, 0 errors, 2 left on base; Columbus 1 - Tidewater 0 |
| BOTTOM OF THE 4TH |
|
Tidewater Tides batting - Pitching for Columbus Jets : LHP Larry Edwards
|
|
Batting: LHB Roy E Johnson
|
0-0: Ball 1-0: Ball 2-0: Swinging Strike 2-1: Foul Ball, location: 2F 2-2: Ground out 4-3 (Groundball, 4, EV 100.0 MPH)
|
|
Batting: LHB John Kruk
|
0-0: Ball 1-0: Called Strike 1-1: Called Strike 1-2: Ball 2-2: Ball 3-2: Foul Ball, location: 2F 3-2: Base on Balls
|
|
Batting: RHB George Gomez
|
0-0: Called Strike 0-1: Ball 1-1: Ball 2-1: Foul Ball, location: 2F 2-2: Ball 3-2: Foul Ball, location: 2F 3-2: Base on Balls John Kruk to second
|
|
Batting: RHB Thomas Walker
|
0-0: Ball John Kruk is caught stealing 3rd base 2-5 1-0: Ground out 4-3 (Groundball, 4, EV 88.1 MPH)
|
| Bottom of the 4th over - 0 runs, 0 hits, 0 errors, 1 left on base; Columbus 1 - Tidewater 0 |
| TOP OF THE 5TH |
|
Columbus Jets batting - Pitching for Tidewater Tides : RHP Bruce Berenyi
|
|
Batting: LHB Jared Martin
|
0-0: Ground out 1-3 (Groundball, 15S, EV 66.3 MPH)
|
|
Batting: RHB William Max
|
0-0: Called Strike 0-1: Ground out U3 (Groundball, 3, EV 92.5 MPH)
|
|
Batting: LHB Greg Walker
|
0-0: Ball 1-0: Foul Ball, location: 2F 1-1: Fly out, F7 (Line Drive, 7, EV 90.0 MPH)
|
| Top of the 5th over - 0 runs, 0 hits, 0 errors, 0 left on base; Columbus 1 - Tidewater 0 |
| BOTTOM OF THE 5TH |
|
Tidewater Tides batting - Pitching for Columbus Jets : LHP Larry Edwards
|
|
Batting: RHB Billy Cree
|
0-0: Ground out 4-3 (Groundball, 4, EV 84.4 MPH)
|
|
Batting: RHB German Rivera
|
0-0: Foul Ball, location: 2F 0-1: Ball 1-1: Ball 2-1: Ball 3-1: Base on Balls
|
|
Batting: RHB Juan Garcia
|
0-0: Ball 1-0: Ball 2-0: Ball 3-0: Foul Ball, location: 2F 3-1: Base on Balls German Rivera to second
|
|
Batting: SHB Julio Valdez
|
0-0: Ball 1-0: Fly out, F8 (Flyball, 8LXD, EV 82.5 MPH) Runner from 2nd tags up, SAFE at 3rd, no throw by CF
|
|
Batting: RHB Brad Komminsk
|
0-0: Called Strike 0-1: Ball 1-1: Ball 2-1: Called Strike 2-2: Foul Ball, location: 2F 2-2: Ball 3-2: Ground out 4-3 (Groundball, 4, EV 78.1 MPH)
|
| Bottom of the 5th over - 0 runs, 0 hits, 0 errors, 2 left on base; Columbus 1 - Tidewater 0 |
| TOP OF THE 6TH |
|
Columbus Jets batting - Pitching for Tidewater Tides : RHP Bruce Berenyi
|
|
Batting: RHB Michael Ventress
|
0-0: Ball 1-0: Ball 2-0: Called Strike 2-1: Foul Ball, location: 2F 2-2: SINGLE (Line Drive, 9S, EV 102.5 MPH)
|
|
Batting: RHB Glenn Goya
|
0-0: Ball 1-0: Ball 2-0: Swinging Strike 2-1: Swinging Strike 2-2: Reached on error, E5 (Groundball, 56S, EV 82.5 MPH) Michael Ventress to second
|
|
Pinch Runner at 2nd Theodore Smith:
|
|
|
Batting: SHB Gary Pellant
|
0-0: Called Strike 0-1: Ball 1-1: Ball 2-1: Called Strike Balk! Theodore Smith to third Glenn Goya to second 2-2: Strikes out swinging
|
|
Batting: RHB Greg Schultz
|
0-0: Ball 1-0: Ball 2-0: Fly out, F7 (Flyball, 7, EV 75.6 MPH) Runner from 3rd tags up, SCORES, no throw by LF
|
|
Batting: LHB Craig Brooks
|
0-0: Intentional Walk
|
|
Batting: RHB Ray Smith
|
0-0: Ground out 4-3 (Groundball, 4, EV 101.3 MPH)
|
| Top of the 6th over - 1 run, 1 hit, 1 error, 2 left on base; Columbus 2 - Tidewater 0 |
| BOTTOM OF THE 6TH |
|
Tidewater Tides batting - Pitching for Columbus Jets : LHP Larry Edwards
|
|
Now in LF: Dave Bialas
|
|
|
Batting: LHB Roy E Johnson
|
0-0: Ball 1-0: Called Strike 1-1: Foul Ball, location: 2F 1-2: Foul Ball, location: 2F 1-2: Foul Ball, location: 2F 1-2: Ball 2-2: Ground out 6-3 (Groundball, 56, EV 103.8 MPH)
|
|
Batting: LHB John Kruk
|
0-0: Ball 1-0: Ball 2-0: Fly out, F7 (Flyball, 7LM, EV 87.5 MPH)
|
|
Batting: RHB George Gomez
|
0-0: Foul Ball, location: 2F 0-1: Ball 1-1: Called Strike 1-2: Fly out, F8 (Flyball, 8RXD, EV 92.5 MPH)
|
| Bottom of the 6th over - 0 runs, 0 hits, 0 errors, 0 left on base; Columbus 2 - Tidewater 0 |
| TOP OF THE 7TH |
|
Columbus Jets batting - Pitching for Tidewater Tides : RHP Bruce Berenyi
|
|
Batting: LHB Jared Martin
|
0-0: Ball 1-0: Ball 2-0: Called Strike 2-1: Ball 3-1: Called Strike 3-2: Ground out 6-3 (Groundball, 6, EV 84.4 MPH)
|
|
Batting: RHB William Max
|
0-0: Called Strike 0-1: Ball 1-1: Swinging Strike 1-2: Ball 2-2: Ball 3-2: Strikes out swinging
|
|
Batting: LHB Greg Walker
|
0-0: Called Strike 0-1: Ball 1-1: Called Strike 1-2: SINGLE (Groundball, 4M, EV 84.4 MPH) (infield hit)
|
|
Batting: RHB Dave Bialas
|
0-0: Ball 1-0: Ball 2-0: Swinging Strike 2-1: Ball 3-1: Base on Balls Greg Walker to second
|
|
Batting: RHB Glenn Goya
|
0-0: Ball 1-0: Ball 2-0: Fly out, F6 (Flyball, 6D, EV 95.0 MPH)
|
| Top of the 7th over - 0 runs, 1 hit, 0 errors, 2 left on base; Columbus 2 - Tidewater 0 |
| BOTTOM OF THE 7TH |
|
Tidewater Tides batting - Pitching for Columbus Jets : LHP Larry Edwards
|
|
Batting: RHB Thomas Walker
|
0-0: Ball 1-0: Ball 2-0: Ball 3-0: Base on Balls
|
|
Batting: RHB Billy Cree
|
0-0: Ball 1-0: Bunt missed! 1-1: Bunted foul 1-2: Ball Pickoff Throw to First - Out! 1-3 2-2: Fly out, F6 (Popup, 6M, EV 36.3 MPH)
|
|
Batting: RHB German Rivera
|
0-0: SINGLE (Line Drive, 7LS, EV 106.9 MPH)
|
|
Batting: RHB Juan Garcia
|
0-0: Ball 1-0: Called Strike 1-1: Ball 2-1: Fly out, F2 (Popup, 23F, EV 91.9 MPH)
|
| Bottom of the 7th over - 0 runs, 1 hit, 0 errors, 1 left on base; Columbus 2 - Tidewater 0 |
| TOP OF THE 8TH |
|
Columbus Jets batting - Pitching for Tidewater Tides : RHP Bruce Berenyi
|
|
Batting: SHB Gary Pellant
|
0-0: Called Strike 0-1: Ball 1-1: Ground out 1-3 (Groundball, 13, EV 82.5 MPH)
|
|
Batting: RHB Greg Schultz
|
0-0: Called Strike 0-1: Ball 1-1: Foul Ball, location: 2F 1-2: Strikes out swinging
|
|
Batting: LHB Craig Brooks
|
0-0: Ball 1-0: Called Strike 1-1: Ball 2-1: Called Strike 2-2: Fly out, F8 (Flyball, 78M, EV 78.8 MPH)
|
| Top of the 8th over - 0 runs, 0 hits, 0 errors, 0 left on base; Columbus 2 - Tidewater 0 |
| BOTTOM OF THE 8TH |
|
Tidewater Tides batting - Pitching for Columbus Jets : LHP Larry Edwards
|
|
Now at SS: Eduardo Madrid
|
|
|
Batting: SHB Julio Valdez
|
0-0: Ball 1-0: Ball 2-0: Called Strike 2-1: Ball 3-1: Foul Ball, location: 2F 3-2: Base on Balls
|
|
Batting: RHB Brad Komminsk
|
0-0: Ball 1-0: Ball 2-0: Ball 3-0: Base on Balls Julio Valdez to second
|
|
Batting: LHB Roy E Johnson
|
0-0: Ball 1-0: Fly out, F7 (Flyball, 7D, EV 99.4 MPH)
|
|
Batting: LHB John Kruk
|
0-0: Called Strike 0-1: Ball 1-1: Ball 2-1: SINGLE (Groundball, 34D, EV 95.0 MPH) Julio Valdez to third Brad Komminsk to second Runner from 3rd tries for Home, SAFE, no throw by RF
|
|
Pitching: RHP Dane Anthony
|
|
|
Batting: RHB George Gomez
|
0-0: Called Strike 0-1: Ball 1-1: Swinging Strike 1-2: Foul Ball, location: 2F 1-2: Fly out, F9 (Flyball, 9D, EV 103.8 MPH) Runner from 2nd tags up, SAFE at 3rd, no throw by RF
|
|
Batting: RHB Thomas Walker
|
0-0: Called Strike 0-1: Foul Ball, location: 2F 0-2: Ball 1-2: Strikes out swinging
|
| Bottom of the 8th over - 1 run, 1 hit, 0 errors, 2 left on base; Columbus 2 - Tidewater 1 |
| TOP OF THE 9TH |
|
Columbus Jets batting - Pitching for Tidewater Tides : RHP Bruce Berenyi
|
|
Pitching: RHP Reggie Cleveland
|
|
|
Batting: RHB Ray Smith
|
0-0: Ball 1-0: Ground out 5-3 (Groundball, 5, EV 85.6 MPH)
|
|
Batting: LHB Jared Martin
|
0-0: Ball 1-0: Called Strike 1-1: Ball 2-1: Ball 3-1: Foul Ball, location: 2F 3-2: Ground out 5-3 (Groundball, 5, EV 81.3 MPH)
|
|
Batting: RHB William Max
|
0-0: Ball 1-0: Ball 2-0: Foul Ball, location: 2F 2-1: Foul Ball, location: 2F 2-2: Foul Ball, location: 2F 2-2: Ground out U3 (Groundball, 3S, EV 90.6 MPH)
|
| Top of the 9th over - 0 runs, 0 hits, 0 errors, 0 left on base; Columbus 2 - Tidewater 1 |
| BOTTOM OF THE 9TH |
|
Tidewater Tides batting - Pitching for Columbus Jets : RHP Dane Anthony
|
|
Batting: RHB Billy Cree
|
0-0: Ball 1-0: Fly out, F7 (Flyball, 7, EV 90.6 MPH)
|
|
Batting: RHB German Rivera
|
0-0: Ball 1-0: Fly out, F7 (Flyball, 78M, EV 84.4 MPH)
|
|
Batting: RHB Juan Garcia
|
0-0: Ball 1-0: Ball 2-0: Foul Ball, location: 2F 2-1: Ball 3-1: Called Strike 3-2: Strikes out looking
|
| Bottom of the 9th over - 0 runs, 0 hits, 0 errors, 0 left on base; Columbus 2 - Tidewater 1 |
|